 Dungeon Crawl Stone Soup version 0.25-a0-571-gb5e01bddfa (console) character file.

Game seed: 8958865250649175894, levelgen mode: deterministic

21289 utis the Nimble (level 12, 0/76 HPs)
             Began as a Tengu Arcane Marksman on Feb 29, 2020.
             Slain by a basilisk (7 damage)
             ... while petrified by a basilisk
             ... on level 1 of the Lair of Beasts.
             The game lasted 01:13:16 (20730 turns).

utis the Nimble (Tengu Arcane Marksman)            Turns: 20730, Time: 01:13:17

Health: 0/76       AC:  9    Str: 10    XL:     12   Next: 88%
Magic:  11/14      EV:  2    Int: 20    God:
Gold:   760        SH:  0    Dex: 14    Spells: 3/13 levels left

rFire    . . .     SeeInvis .   b - +2 dagger (elec)
rCold    . . .     Gourm    .   (no shield)
rNeg     + + +     Faith    .   J - +2 robe {Archmagi}
rPois    ∞         Spirit   .   (helmet restricted)
rElec    .         Reflect  .   Z - +1 cloak
rCorr    .         Harm     .   o - +2 pair of gloves
MR       +....                  (boots unavailable)
Stlth    +++.......             g - amulet of regeneration {@e1}
HPRegen  0.62/turn              P - ring of poison resistance
MPRegen  0.14/turn              M - ring of protection from magic

@: petrified, flying quickly and evasively, quick
A: beak, talons 3, able to fly
a: Stop Flying


You were on level 1 of the Lair of Beasts.
You were not hungry.

You visited 2 branches of the dungeon, and saw 13 of its levels.
You also visited: Sewer and Ossuary.

You collected 760 gold pieces.

Inventory:

Hand Weapons
 a - a +3 shortbow of flaming
 b - a +2 dagger of electrocution (weapon)
 n - a +2 dagger of venom
 w - a +0 hunting sling
 T - a +0 hand axe of electrocution
 V - a +0 demon trident of venom
 X - a +2 morningstar of freezing
Missiles
 d - 240 arrows
 l - 286 stones (quivered)
 t - 34 poisoned darts
 u - 7 curare-tipped darts {=f}
 x - 14 boomerangs
 A - 71 sling bullets
 N - 12 javelins
Armour
 m - a +3 leather armour of cold resistance
 o - a +2 pair of gloves (worn)
 J - a +2 robe of the Archmagi (worn)
 Q - a scarf of resistance
 Z - a +1 cloak (worn)
Jewellery
 g - an amulet of regeneration (around neck) {@e1}
 B - an uncursed amulet of rage
 H - an uncursed ring of resist corrosion
 M - a ring of protection from magic (right hand)
 P - a ring of poison resistance (left hand)
Wands
 h - a wand of iceblast (10)
 p - a wand of polymorph (5)
 v - a wand of paralysis (6)
 y - a wand of acid (9)
 F - a wand of random effects (19)
 Y - a wand of flame (5)
Scrolls
 e - a scroll of holy word
 j - a scroll of remove curse {@r2}
 r - 6 scrolls of teleportation {@r4}
 z - a scroll of blinking
 C - a scroll of fog
 E - 2 scrolls of enchant weapon
 K - a scroll of brand weapon
 L - a scroll of magic mapping
 S - a scroll of amnesia
 W - a scroll of identify {@r1}
Potions
 c - 2 potions of haste {@q3}
 i - 4 potions of resistance
 k - a potion of stabbing
 q - 3 potions of heal wounds {@q2}
 s - 3 potions of mutation {!q}
 D - a potion of curing {@q1}
 G - 3 potions of brilliance
 I - 2 potions of magic
 O - 3 potions of might
 U - 2 potions of lignification
Comestibles
 f - 20 rations {@e1}
 R - 2 chunks of flesh


   Skills:
 + Level 9.2 Fighting
 - Level 2.0 Short Blades
 + Level 11.8 Bows
 + Level 12.3 Dodging
 - Level 7.1 Stealth
 - Level 1.0 Spellcasting
 - Level 7.0 Hexes


You had 3 spell levels left.
You knew the following spells:

 Your Spells              Type           Power        Failure   Level  Hunger
a - Corona                Hex            #####..      1%          1    ##.....
o - Portal Projectile     Hex/Tloc       ###...       12%         3    ####...
w - Slow                  Hex            #####...     1%          2    ###....
x - Cause Fear            Hex            #####.....   10%         4    #####..

Your spell library contained the following spells:

 Spells                   Type           Power        Failure   Level  Hunger
 Inner Flame              Hex/Fire       ###.....     12%         3    ####...
 Freeze                   Ice            #...         17%         1    ##.....
 Frozen Ramparts          Ice            #.....       45%         3    ####...
 Ozocubu's Armour         Chrm/Ice       #.......     45%         3    ####...
 Leda's Liquefaction      Hex/Erth       ###.......   38%         4    #####..
 Silence                  Hex/Air        ###.......   75%         5    ######.
 Yara's Violent Unravell  Hex/Tmut       ###.......   75%         5    ######.
 Hailstorm                Conj/Ice       #.......     86%         4    #####..
 Summon Ice Beast         Ice/Summ       #.......     86%         4    #####..
 Summon Lightning Spire   Summ/Air       #.......     86%         4    #####..
 Conjure Ball Lightning   Conj/Air       #.........   100%        6    #######
 Deflect Missiles         Chrm/Air       #.........   100%        6    #######
 Discord                  Hex            #####.....   100%        8    #######
 Tornado                  Air            #.........   100%        9    #######


Dungeon Overview and Level Annotations

Branches:
Dungeon (12/15)            Temple (0/1) D:4            Lair (1/6) D:11
    Orc (0/2) D:9           Sewer (visited)         Ossuary (visited)

Altars:
Cheibriados
Elyvilon
Fedhas
Gozag
Hepliaklqana
Makhleb
Okawaru
Qazlal
Ru
Sif Muna
Uskayaw
Xom
Yredelemnul
Zin

Portals:
Trove: D:11 (show slimy rune of Zot)


Innate Abilities, Weirdness & Mutations

You have a beak for a mouth.
You have claws for feet.
You can fly continuously.


Message History

The yak gores you!
* * * LOW HITPOINT WARNING * * *
The bullfrog hits you but does no damage. x2
The basilisk bites you!
* * * LOW HITPOINT WARNING * * *
The yak gores you.
* * * LOW HITPOINT WARNING * * *
A bullfrog comes into view.
The bullfrog hits you!
* * * LOW HITPOINT WARNING * * *
The bullfrog hits you.
* * * LOW HITPOINT WARNING * * *
The basilisk gazes at you. You resist with almost no effort. The yak gores you!
* * * LOW HITPOINT WARNING * * *
The bullfrog hits you but does no damage.
The bullfrog hits you!
* * * LOW HITPOINT WARNING * * *
The basilisk bites you!
You die...

..... .........
.......░░░░........ ░ ....
░!......░^.......░░░░.
....░░░.░....F....⚶.⚵⚵.....
.......................░..Y
░................Y........
░................Y...../░.
░.░..░░.lF⚵...............
░.......YQ➘➘.➘➘.➘➘➘➘➘...░.
░.......░░░...............
...........l.......░....░░.
░.░..........░.............
░......░.....░░░...░░░.....
.........÷.░░░ ░░░░.░......
...........░░ ░░░...░░
..░⚵....➘.<.░ ░...░
░░░░░░░....░░ ░.░░


You could see a yak, a basilisk and 2 bullfrogs.

Vanquished Creatures
  Josephine (D:12)
  2 hydras
  2 two-headed ogres
  Urug (D:12)
  An unseen horror (D:12)
  2 ugly things (D:12)
  A cyclops (D:10)
  A rime drake (Lair:1)
  2 dream sheep (D:10)
  4 hippogriffs
  A shadow (D:12)
  5 wraiths
  31 yaks
  4 wyverns (D:11)
  3 hungry ghosts
  2 acid dragons
  3 water moccasins
  2 porcupines (Lair:1)
  4 ice beasts
  11 orc warriors
  A phantom (D:12)
  2 sky beasts
  3 black bears
  A necrophage (D:10)
  3 centaurs
  3 ogres
  A crocodile (D:11)
  7 big kobolds
  8 bullfrogs
  A wyvern skeleton (D:7)
  4 scorpions
  6 killer bees (D:8)
  5 wights (D:9)
  6 howler monkeys
  7 crimson imps
  2 centaur zombies
  A quasit (D:11)
  4 jellies
  A bullfrog skeleton (D:6)
  2 bullfrog zombies
  11 orc priests
  4 hounds
  Jessica (D:2)
  10 worker ants
  4 iguanas
  16 orc wizards
  9 big kobold zombies (Ossuary)
  A hound zombie (D:6)
  2 hound skeletons
  A mummy (Ossuary)
  Robin (D:4)
  4 gnolls (D:5)
  A worker ant zombie (D:6)
  15 adders
  A river rat (Sewer)
  7 shadow imps
  2 adder zombies
  An adder skeleton (D:8)
  3 dart slugs
  8 leopard geckos
  41 orcs
  3 spectral bats (Ossuary)
  2 giant cockroaches
  3 gnoll zombies (Ossuary)
  10 goblins
  12 hobgoblins
  8 jackals
  5 quokkas
  2 ball pythons
  4 bats
  3 bat simulacra (Ossuary)
  6 frilled lizards
  A giant cockroach zombie (D:5)
  5 goblin simulacra (Ossuary)
  6 goblin zombies (Ossuary)
  5 hobgoblin zombies (Ossuary)
  25 kobolds
  A kobold simulacrum (Ossuary)
  5 kobold zombies (Ossuary)
  2 leopard gecko zombies
  2 orc zombies (Ossuary)
  A quokka skeleton (D:5)
  A quokka zombie (D:7)
  16 rats
  2 spectral goblins (Ossuary)
  A spectral kobold (Ossuary)
  2 spectral rats (Ossuary)
427 creatures vanquished.

Vanquished Creatures (others)
  A fungus (Lair:1)
  2 plants (D:10)
3 creatures vanquished.

Grand Total: 430 creatures vanquished

Notes
Turn   | Place    | Note
-------+----------+-------------------------------------------
     0 | D:1      | utis the Tengu Arcane Marksman began the quest for the Orb.
     0 | D:1      | Reached XP level 1. HP: 12/12 MP: 3/3
   527 | D:1      | Reached XP level 2. HP: 14/16 MP: 4/4
   531 | D:1      | Learned a level 2 spell: Slow
  1156 | D:1      | Reached skill level 3 in Dodging
  1211 | D:1      | Reached XP level 3. HP: 14/20 MP: 5/5
  1795 | D:2      | Noticed Jessica
  1801 | D:2      | Killed Jessica
  1801 | D:2      | Reached XP level 4. HP: 25/25 MP: 6/6
  2579 | D:3      | Found a stormy altar of Qazlal.
  2612 | D:3      | Noticed a fire elemental
  2629 | D:3      | Noticed a water elemental
  2660 | D:3      | ..
  3214 | D:3      | Reached skill level 1 in Short Blades
  3214 | D:3      | Reached skill level 4 in Dodging
  3445 | D:3      | Gained mutation: You can fly continuously. [Tengu growth]
  3445 | D:3      | Reached XP level 5. HP: 24/29 MP: 5/7
  3726 | D:3      | Noticed an air elemental
  3779 | D:4      | Noticed Robin
  3978 | D:4      | Found a burning altar of Makhleb.
  3982 | D:4      | Noticed a cacodemon
  3999 | D:4      | Found a glowing drain.
  4038 | Sewer    | Entered a sewer
  4128 | Sewer    | Noticed a big kobold
  4243 | Sewer    | Killed a big kobold
  4243 | Sewer    | Reached XP level 6. HP: 32/36 MP: 4/8
  4305 | Sewer    | Found a glowing silver altar of Zin.
  4478 | D:4      | Killed Robin
  4621 | D:4      | Found a basalt altar of Yredelemnul.
  4621 | D:4      | Found a white marble altar of Elyvilon.
  4621 | D:4      | Found a blossoming altar of Fedhas.
  4633 | D:4      | Noticed an ice beast
  4650 | D:4      | Killed an ice beast
  4650 | D:4      | Reached skill level 5 in Dodging
  4722 | D:4      | Found a staircase to the Ecumenical Temple.
  4728 | D:4      | Learned a level 4 spell: Cause Fear
  4791 | D:4      | Found a glowing silver altar of Zin.
  4791 | D:4      | Noticed an angel
  5117 | D:5      | Entered Level 5 of the Dungeon
  5168 | D:5      | Noticed a sky beast
  5228 | D:5      | wtf
  5239 | D:5      | Killed a sky beast
  5239 | D:5      | Reached skill level 1 in Stealth
  5239 | D:5      | Reached XP level 7. HP: 23/41 MP: 9/9
  5478 | D:5      | Found a hazy altar of Hepliaklqana.
  5677 | D:5      | Found a snail-covered altar of Cheibriados.
  6462 | D:5      | Reached XP level 8. HP: 39/46 MP: 5/10
  6480 | D:5      | Reached skill level 6 in Dodging
  7578 | D:6      | Found a hide-covered altar of Uskayaw.
  7635 | D:6      | Reached skill level 7 in Dodging
  7921 | D:6      | Reached skill level 5 in Hexes
  8321 | D:7      | Reached XP level 9. HP: 34/52 MP: 9/11
  8455 | D:7      | Reached skill level 8 in Dodging
  8739 | D:7      | Reached skill level 5 in Bows
  9544 | D:8      | Reached skill level 5 in Fighting
  9687 | D:8      | Found a sand-covered staircase.
  9705 | Ossuary  | Entered an ossuary
 10302 | Ossuary  | Reached skill level 9 in Dodging
 10783 | D:8      | Reached XP level 10. HP: 59/59 MP: 10/12
 11436 | D:8      | Found a shimmering blue altar of Sif Muna.
 11492 | D:8      | You are sucked into a shaft and drop 2 floors!
 11492 | D:10     | Entered Level 10 of the Dungeon
 11568 | D:10     | Noticed a cyclops
 11579 | D:10     | Killed a cyclops
 12139 | D:10     | Reached skill level 10 in Dodging
 12655 | D:9      | Noticed a two-headed ogre
 12848 | D:10     | Reached skill level 10 in Bows
 13071 | D:10     | Reached XP level 11. HP: 67/67 MP: 8/13
 13232 | D:10     | Noticed a three-headed hydra
 13269 | D:10     | Killed a three-headed hydra
 13663 | D:10     | Learned a level 3 spell: Portal Projectile
 13727 | D:10     | Killed a two-headed ogre
 13982 | D:9      | Found an opulent altar of Gozag.
 14349 | D:9      | Found a sacrificial altar of Ru.
 14483 | D:9      | Found an iron altar of Okawaru.
 14743 | D:9      | Reached skill level 11 in Dodging
 15506 | D:9      | Found a staircase to the Orcish Mines.
 16426 | D:11     | Noticed a two-headed ogre
 16443 | D:11     | Killed a two-headed ogre
 16652 | D:11     | Found a shimmering altar of Xom.
 16721 | D:11     | Reached skill level 5 in Stealth
 17104 | D:11     | Found a portal to a secret trove of treasure.
 17173 | D:11     | Reached XP level 12. HP: 73/73 MP: 9/14
 17396 | D:11     | Found a staircase to the Lair.
 17998 | D:12     | Noticed a five-headed hydra
 18028 | D:12     | Killed a five-headed hydra
 18551 | D:12     | Noticed Josephine
 18577 | D:12     | Killed Josephine
 19223 | D:12     | Noticed Urug
 19250 | D:12     | Killed Urug
 19935 | D:12     | Reached skill level 12 in Dodging
 20405 | Lair:1   | Entered Level 1 of the Lair of Beasts
 20726 | Lair:1   | Noticed a five-headed hydra
 20730 | Lair:1   | Slain by a basilisk

Levels and vault maps discovered:
D:1:      dpeg_arrival_rooms_c, layout_basic
D:2:      layout_loops_ring, uniq_jessica
D:3:      layout_basic, nicolae_qazlal_style_of_elements
D:4:      layout_cave_pools, grunt_temple_overflow_order_and_chaos_2,
          gammafunk_temple_overflow_claw, minmay_temple_entry_water_ring,
          first_ration, portal_sewer_entry_b, uniq_robin
D:5:      layout_basic, marbit_many_paths, kennysheep_mini, minmay_bent
D:6:      layout_basic, lemuel_round_altar
D:7:      layout_basic
D:8:      minmay_razor_zed, layout_loops_ring, nicolae_overflow_hidden_temple,
          nicolae_ossuary_entry_false_entrances
D:9:      layout_irregular_city, kennysheep_mini_moat, hangedman_ru_absence,
          grunt_gozag_statues, david_orc_4
D:10:     layout_irregular_city, hangedman_ranch [blue_anna_fruit_fields],
          grunt_ministairs_7
D:11:     layout_rooms, erik_lair_dragon, enter_trove_1, chequers_jeans,
          xom_teletrap_fun
D:12:     layout_roguey, uniq_josephine, uniq_urug
Lair:1:   layout_misc_corridors, lemuel_fruit_fields, serial_bayou_shore_a,
          grunt_megastairs_1

Skill      XL: |  1  2  3  4  5  6  7  8  9 10 11 12 |
---------------+-------------------------------------+-----
Bows           | 3 4 7 10 11 | 11.8
Dodging        | 3 4 5 7 9 10 11 12 | 12.3
Short Blades   | 1 2 |  2.0
Fighting       | 2 3 5 7 8 9 |  9.2
Stealth        | 1 3 5 7 |  7.1
Hexes          | 3 5 6 7 |  7.0
Spellcasting   | |  1.0

Action                   |  1- 3 |  4- 6 |  7- 9 | 10-12 || total
-------------------------+-------+-------+-------+-------++-------
Melee: Unarmed           |     6 |       |       |       ||     6
       Hand axe          |    47 |    12 |     6 |       ||    65
       Peck              |    10 |    20 |    53 |    82 ||   165
       Whip              |     5 |       |       |       ||     5
       Kick              |    10 |    31 |   106 |   115 ||   262
       Club              |     1 |       |       |       ||     1
       Dagger            |       |   140 |   445 |   503 ||  1088
 Fire: Shortbow          |     9 |     3 |    29 |   583 ||   624
       Hunting sling     |       |     4 |    61 |    31 ||    96
Throw: Dart              |       |    11 |       |       ||    11
       Stone             |       |     1 |       |       ||     1
 Cast: Corona            |    24 |    16 |    32 |     6 ||    78
       Slow              |       |     2 |    37 |   118 ||   157
 Abil: Fly               |       |     1 |       |       ||     1
Evoke: Wand              |       |       |       |     3 ||     3
  Use: Scroll            |       |    10 |    13 |     7 ||    30
       Potion            |       |     2 |     1 |     3 ||     6
 Stab: Sleeping          |       |       |    11 |    11 ||    22
       Invisible         |       |       |       |     2 ||     2
       Distracted        |       |       |       |     1 ||     1
       Paralysed         |       |       |       |     1 ||     1
  Eat: Chunk             |     4 |    11 |    18 |    32 ||    65
       Ration            |       |       |     1 |     3 ||     4
Armor: Robe              |    10 |       |       |    16 ||    26
       Leather armour    |     8 |    37 |    79 |   101 ||   225
Dodge: Dodged            |    41 |   106 |   334 |   509 ||   990

Table legend:
 A = Non-vault XP
 B = Vault XP
 C = Vault XP percentage of total XP
 D = Non-vault monster count
 E = Vault monster count
 F = Vault count percentage of total count
                 A         B        C        D         E       F
            +---------+---------+-------+---------+---------+-------
      Total |   22507 |    7907 |  26.0 |     302 |     125 |  29.3
            +---------+---------+-------+---------+---------+-------
        D:1 |      34 |       0 |   0.0 |      21 |       0 |   0.0
        D:2 |      38 |      37 |  49.3 |      12 |       1 |   7.7
        D:3 |      75 |       2 |   2.6 |      26 |       1 |   3.7
        D:4 |     175 |      62 |  26.2 |       3 |      14 |  82.4
        D:5 |     592 |     188 |  24.1 |      28 |       5 |  15.2
        D:6 |     810 |       0 |   0.0 |      18 |       0 |   0.0
        D:7 |    1315 |       0 |   0.0 |      36 |       0 |   0.0
        D:8 |    1542 |     970 |  38.6 |      28 |      13 |  31.7
        D:9 |    2734 |     364 |  11.7 |      39 |       9 |  18.8
       D:10 |    4043 |    2428 |  37.5 |      22 |      11 |  33.3
       D:11 |    5180 |    1070 |  17.1 |      40 |       6 |  13.0
       D:12 |    4615 |    2355 |  33.8 |      22 |       4 |  15.4
     Lair:1 |    1354 |       0 |   0.0 |       7 |       0 |   0.0
      Sewer |       0 |     130 | 100.0 |       0 |      13 | 100.0
    Ossuary |       0 |     301 | 100.0 |       0 |      48 | 100.0
            +---------+---------+-------+---------+---------+-------
